 Dungeon Crawl Stone Soup version 0.24-a0-537-g2d01d4ab0a (webtiles) character file.

Game seed: 8423896746202539598

133 Peloso the Covered (level 4, -1/40 HPs)
             Began as a Minotaur Fighter on Aug 14, 2019.
             Slain by a gnoll
             ... wielding a +0 spear
              (3 damage)
             ... on level 3 of the Dungeon.
             The game lasted 00:04:19 (1643 turns).

Peloso the Covered (Minotaur Fighter)               Turns: 1643, Time: 00:04:20

Health: -1/40      AC:  9    Str: 20    XL:     4   Next: 93%
Magic:  3/3        EV:  5    Int:  5    God:
Gold:   66         SH:  9    Dex: 11    Spells: 3/3 levels left

rFire    . . .     SeeInvis .   a - +0 long sword
rCold    . . .     Gourm    .   c - +0 shield
rNeg     . . .     Faith    .   j - +0 chain mail
rPois    .         Spirit   .   (helmet restricted)
rElec    .         Reflect  .   (no cloak)
rCorr    .         Harm     .   (no gloves)
MR       .....                  (no boots)
Stlth    ..........             (no amulet)
HPRegen  0.13/turn              (no ring)
MPRegen  0.08/turn              (no ring)

@: no status effects
A: retaliatory headbutt, horns 2
a: no special abilities


You were on level 3 of the Dungeon.
You were not hungry.

You visited 1 branch of the dungeon, and saw 3 of its levels.

You collected 66 gold pieces.

Inventory:

Hand Weapons
 a - a +0 long sword (weapon)
Armour
 b - a +0 scale mail
 c - a +0 shield (worn)
 j - a +0 chain mail (worn)
Scrolls
 e - 2 scrolls of identify
 g - a scroll of enchant weapon
 i - 2 scrolls of remove curse
 m - a scroll of teleportation {unknown}
 n - a scroll of immolation {unknown}
Potions
 d - a potion of might
 l - a potion of magic
Comestibles
 f - 3 rations
 h - a chunk of flesh


   Skills:
 + Level 4.1 Fighting
 + Level 3.7 Long Blades
 + Level 5.0 Armour
 + Level 0.6 Dodging
 + Level 0.5 Stealth
 + Level 4.4 Shields


You had 3 spell levels left.
You didn't know any spells.
Your spell library contained the following spells:

 Spells                   Type           Power        Failure   Level  Hunger
 Poisonous Vapours        Pois/Air       #.....       100%        2    ###....
 Conjure Flame            Conj/Fire      #.......     100%        3    ####...
 Mephitic Cloud           Conj/Pois/Air  #.......     100%        3    ####...
 Freezing Cloud           Conj/Ice/Air   #.........   100%        6    #######
 Ring of Flames           Chrm/Fire      #.........   100%        7    #######


Dungeon Overview and Level Annotations

Branches:
Dungeon (3/15)

Altars:
Hepliaklqana
Qazlal


Innate Abilities, Weirdness & Mutations

You reflexively headbutt those who attack you in melee.
You have a pair of horns on your head.


Message History

* * * LOW HITPOINT WARNING * * *
The gnoll completely misses you. The rat bites you but does no damage.
You block the gnoll's attack.
The worker ant bites you but does no damage.
You slash the worker ant!
You kill the worker ant!
Your Armour skill increases to level 5!
The gnoll hits you but does no damage. You block the gnoll's attack. x2
The rat bites you but does no damage. The gnoll hits you but does no damage.
The gnoll hits you from afar with a +0 spear.
* * * LOW HITPOINT WARNING * * *
The gnoll hits you with a +0 club.
* * * LOW HITPOINT WARNING * * *
The rat bites you but does no damage. The gnoll hits you but does no damage.
You block the gnoll's attack. The gnoll hits you with a +0 club.
* * * LOW HITPOINT WARNING * * *
There is a stone staircase leading up here.
You block the gnoll's attack.
The gnoll hits you from afar with a +0 spear.
You die...

####.# #
....# .#
...# ..#
..##...#
#......#
####.##.#
#..gg...#
###grg###
#...@.#
#.#.#.#
.........
#..####.###
#.. .. #$
.. ... _..


You could see 4 gnolls and a rat.

Vanquished Creatures
  A worker ant (D:3)
  4 adders (D:2)
  A worm (D:2)
  2 dart slugs
  A ball python (D:2)
  6 bats
  2 giant cockroaches
  11 goblins
  12 hobgoblins
  4 jackals (D:2)
  4 kobolds (D:1)
  4 frilled lizards
  11 rats
63 creatures vanquished.

Notes
Turn   | Place    | Note
-------+----------+-------------------------------------------
     0 | D:1      | Peloso the Minotaur Fighter began the quest for the Orb.
     0 | D:1      | Reached XP level 1. HP: 19/19 MP: 0/0
    48 | D:1      | Reached XP level 2. HP: 26/27 MP: 1/1
    74 | D:1      | Reached skill level 4 in Armour
   646 | D:1      | Reached XP level 3. HP: 33/33 MP: 2/2
  1078 | D:2      | Found a stormy altar of Qazlal.
  1213 | D:2      | Reached XP level 4. HP: 29/40 MP: 3/3
  1625 | D:3      | Found a hazy altar of Hepliaklqana.
  1641 | D:3      | Reached skill level 5 in Armour
  1642 | D:3      | HP: 1/40 [gnoll/+0 club (3)]
  1643 | D:3      | Slain by a gnoll

Levels and vault maps discovered:
D:1:      tarquinn_simple_flora_water_b, layout_basic
D:2:      layout_basic, grunt_qazlal_clouds
D:3:      layout_basic, old_standard_altar, nemelex_altar_shiori

Skill      XL: |  1  2  3  4 |
---------------+-------------+-----
Armour         | 4 5 |  5.0
Shields        | 4 |  4.4
Fighting       | 4 |  4.1
Long Blades    | 3 |  3.7
Dodging        | |  0.6
Stealth        | |  0.5

Action                   |  1- 3 |  4- 6 || total
-------------------------+-------+-------++-------
Melee: Long sword        |   104 |    52 ||   156
       Headbutt          |    17 |    10 ||    27
  Use: Scroll            |       |     3 ||     3
       Potion            |       |     3 ||     3
  Eat: Chunk             |     1 |     2 ||     3
Armor: Scale mail        |    60 |    13 ||    73
       Chain mail        |       |    27 ||    27
Dodge: Dodged            |    47 |    22 ||    69
Block: Shield            |    47 |    40 ||    87
       Rpst.: Long sword |    12 |     3 ||    15

Table legend:
 A = Non-vault XP
 B = Vault XP
 C = Vault XP percentage of total XP
 D = Non-vault monster count
 E = Vault monster count
 F = Vault count percentage of total count
                 A         B        C        D         E       F
            +---------+---------+-------+---------+---------+-------
      Total |     190 |       0 |   0.0 |      63 |       0 |   0.0
            +---------+---------+-------+---------+---------+-------
        D:1 |      47 |       0 |   0.0 |      28 |       0 |   0.0
        D:2 |     106 |       0 |   0.0 |      32 |       0 |   0.0
        D:3 |      37 |       0 |   0.0 |       3 |       0 |   0.0
            +---------+---------+-------+---------+---------+-------
